Cogmind - Beta 13 @@@ ROGUE MODE // 2024.04.05 @ 02:04:45 Player: Turbo Result: Destroyed by S-27 Virus with Autogun Performance ------------- Evolutions (3) 1500 Regions Visited (8) 1600 Robots Destroyed (64) 320 Value Destroyed (2119) 2119 Prototype IDs (4) 80 Alien Tech Used (0) 0 Bonus (686) 686 TOTAL SCORE: 6305 Bonus ------- Follower Combat Kills 386 Aligned with FarCom 300 Cogmind --------- Core Integrity 0/700 Matter 290/300 Energy 8/100 System Corruption 3% Temperature Cool (0) Movement Core (700) Ox13 Location -7/Lower Caves Parts ------- > --- POWER (1) -------- (None) > --- PROPULSION (5) --- (None) > --- UTILITY (5) ------ Medium Storage Unit Large Storage Unit Machine Analyzer Improved Signal Interpreter Advanced Targeting Computer > --- WEAPON (2) ------- Arc Projector EM Pulse Cannon > --- INVENTORY (15) --- Micro Nuclear Core Improved Heat Sink Improved Cooling System Superbattery (1500) Energy Filter Improved Propulsion Shielding Improved Light Armor Plating Recalibrator Heavy Particle Cannon Cooled Plasma Cannon Peak State ------------ > --- POWER ------------ Heavy Ion Engine > --- PROPULSION ------- Carbon-fiber Leg Carbon-fiber Leg Carbon-fiber Leg Carbon-fiber Leg Improved Titanium Leg > --- UTILITY ---------- Improved Heat Sink Large Storage Unit Machine Analyzer Improved Signal Interpreter Advanced Targeting Computer > --- WEAPON ----------- Heavy Particle Cannon Heavy Ion Cannon > --- INVENTORY -------- Light Nuclear Core Micro Nuclear Core Micro Nuclear Core Improved Heat Sink Improved Heat Sink Medium Storage Unit Superbattery Energy Filter Improved Propulsion Shielding Improved Light Armor Plating Recalibrator Arc Projector Cooled Pulse Rifle EM Pulse Cannon Cooled Plasma Cannon [Rating: 45] Favorites ----------- Power Light Nuclear Core Engine Improved Deuterium Engine Power Core Light Nuclear Core Propulsion Carbon-fiber Leg Leg Carbon-fiber Leg Hover Unit Gravmag System Utility Medium Storage Unit Device Improved Heat Sink Storage Medium Storage Unit Processor Machine Analyzer Weapon Particle Gun Energy Gun Particle Gun Energy Cannon Heavy Ion Cannon Ballistic Gun Assault Rifle Build | -11 -10 -10 -10 -9 -8 -8 -7 -7 ------- Run | Yrd Mat Min Exi Min Mat Sto Fac Low Slots Evolved 6 | . . . . . 4 . 2 . Power . | . . . . . . . . . Propulsion 3 | . . . . . 2 . 1 . Utility 3 | . . . . . 2 . 1 . Weapon . | . . . . . . . . . Parts Attached 80 | 7 6 4 3 . 12 11 32 5 Power 9 | 1 1 1 . . . 1 5 . Engine 5 | 1 1 . . . . . 3 . Core 4 | . . 1 . . . 1 2 . Reactor . | . . . . . . . . . Propulsion 30 | 2 2 . . . 4 6 14 2 Treads . | . . . . . . . . . Leg 29 | 2 2 . . . 4 6 13 2 Wheel . | . . . . . . . . . Hover 1 | . . . . . . . 1 . Flight . | . . . . . . . . . Utility 22 | 3 . 2 3 . 6 2 6 . Device 11 | 2 . 1 1 . 3 1 3 . Storage 8 | 1 . 1 2 . 1 1 2 . Processor 3 | . . . . . 2 . 1 . Hackware . | . . . . . . . . . Protection . | . . . . . . . . . Artifact . | . . . . . . . . . Weapon 19 | 1 3 1 . . 2 2 7 3 Energy Gun 12 | 1 2 1 . . 2 1 3 2 Energy Cannon 6 | . . . . . . 1 4 1 Ballistic Gun 1 | . 1 . . . . . . . Ballistic Cannon . | . . . . . . . . . Launcher . | . . . . . . . . . Special Weapon . | . . . . . . . . . Impact Weapon . | . . . . . . . . . Slashing Weapon . | . . . . . . . . . Piercing Weapon . | . . . . . . . . . Special Melee Weapon . | . . . . . . . . . Unidentified Prototypes 4 | . . . 1 . . 1 2 . Parts Lost 24 | . . 1 . . 3 . 9 11 Power 3 | . . . . . . . 2 1 Propulsion 13 | . . . . . 2 . 4 7 Utility 2 | . . 1 . . . . 1 . Weapon 6 | . . . . . 1 . 2 3 Highest Loss Streak 5 | . . 1 . . 3 . 5 5 To Critical Strikes . | . . . . . . . . . Average Slot Usage (%) 95 | . 98 99 92 85 94 99 97 91 Engine 4 | . 13 7 . . . . 5 6 Core 4 | . . 6 14 14 9 9 . . Leg 32 | . 27 28 28 28 35 36 35 30 Device 8 | . 14 13 12 14 14 9 4 . Storage 12 | . 14 14 15 14 9 8 10 15 Processor 13 | . . . . . 12 18 23 23 Energy Gun 15 | . 26 28 20 14 13 12 7 14 Energy Cannon 2 | . . . . . . 5 7 . Naked Turns . | . . . . . . . . . Heaviest Build 50 | 11 14 22 22 19 23 27 50 48 Greatest Support 80 | 20 20 20 20 20 45 60 80 74 Greatest Overweight (x) 1 | . . 1 1 . 1 . 1 1 Average Overweight (x) . | . . . . . . . . . Largest Inventory Capacity 15 | 8 8 10 10 10 10 10 15 15 Average Capacity 11 | 7 8 9 10 10 10 9 13 15 Most Carried 15 | 5 8 10 10 10 10 10 15 15 Average Carried 10 | 3 7 8 9 10 7 9 12 13 Final Capacity 15 | 8 8 10 10 10 10 10 15 15 Final Carried 15 | 5 8 9 10 10 10 10 15 10 Class Distribution -------------------- 57% | Mutant 36% | Scavenger-Mutant 4% | Commander-Mutant Dominant Class ---------------- Mutant | -10/Materials Mutant | -10/Mines Mutant | -10/Exiles Mutant | -9/Mines Scavenger-Mutant | -8/Materials Commander-Mutant | -8/Storage Mutant | -7/Factory Mutant | -7/Lower Caves Resources | -11 -10 -10 -10 -9 -8 -8 -7 -7 ----------- Run | Yrd Mat Min Exi Min Mat Sto Fac Low Matter Collected 1041 | 158 223 50 . . 153 110 310 37 Remotely . | . . . . . . . . . Salvage Created 2401 | 92 282 45 . . 346 72 1218 346 Parts 126 | 13 26 . . . 10 8 60 9 Haulers Intercepted 1 | . 1 . . . . . . . Recyclers Shooed . | . . . . . . . . . Parts Field Recycled . | . . . . . . . . . Retrieved Matter . | . . . . . . . . . Parts Self-Destructed 12 | . . . . . . . . 12 Prevented . | . . . . . . . . . Kills | -11 -10 -10 -10 -9 -8 -8 -7 -7 ------- Run | Yrd Mat Min Exi Min Mat Sto Fac Low Combat Hostiles Destroyed 48 | . 8 1 . . 6 1 22 10 Guns 27 | . 8 1 . . 5 . 4 9 Cannons 14 | . . . . . . 1 13 . Classes Destroyed 13 | 2 5 . . . 2 . 4 . Worker 4 | 1 . . . . 1 . 2 . Builder 1 | . . . . . . . 1 . Tunneler 4 | 4 . . . . . . . . Hauler 1 | . 1 . . . . . . . Recycler 2 | . . . . . 1 . 1 . Mechanic 1 | . 1 . . . . . . . Operator 3 | . 1 . . . . 1 1 . Swarmer 14 | . 6 . . . 1 . 2 5 Grunt 16 | . 2 1 . . 3 . 6 4 Brawler 3 | . . . . . . . 3 . Sentry 6 | . . . . . 2 1 2 1 Hunter 3 | . . . . . . . 3 . Programmer 6 | . . . . . . . 6 . Best Kill Streak 4 | 3 3 1 . . 4 1 3 3 Combat Bots Only 4 | . 3 1 . . 4 1 3 3 Max Kills in Single Turn 1 | 1 1 1 . . 1 1 1 1 Gunslinging . | . . . . . . . . . Exploded . | . . . . . . . . . Melee . | . . . . . . . . . Uniques/NPCs Destroyed . | . . . . . . . . . Combat | -11 -10 -10 -10 -9 -8 -8 -7 -7 -------- Run | Yrd Mat Min Exi Min Mat Sto Fac Low Hostile Shots Fired 451 | . 21 4 . . 68 4 218 136 Missed 114 | . 5 1 . . 21 1 46 40 Damage Taken 4540 | . 222 44 . . 675 41 2215 1343 Core 898 | . 58 13 . . 116 . 354 357 Absorbed by Shields . | . . . . . . . . . Regen/Repaired (Parts) 394 | . 73 . . . . 139 182 . Core Remaining (%) 83 | 100 . . . 71 . 78 . . Volleys Fired 200 | 13 19 3 . . 47 3 82 33 Largest 2 | 1 2 2 . . 2 2 2 2 Hottest 145 | 50 115 115 . . 130 121 140 145 Shots Fired 344 | 13 39 6 1 . 60 6 160 59 Gun 240 | 13 39 6 1 . 60 5 57 59 Cannon 104 | . . . . . . 1 103 . Launcher . | . . . . . . . . . Special . | . . . . . . . . . Kinetic 7 | . 7 . . . . . . . Thermal 333 | 13 32 6 1 . 60 6 160 55 Explosive . | . . . . . . . . . Electromagnetic 4 | . . . . . . . . 4 Robot Hit Streak 22 | 2 13 2 . . 16 4 22 18 Robot Miss Streak 7 | 2 2 1 . . 4 2 7 4 Penetration Max . | . . . . . . . . . Secondary Targets 4 | . 1 . . . . . . 3 Max Gunslinging Chain 1 | . 1 . . . . . . 1 Shots Hit Robots 248 | 6 29 3 . . 44 4 117 45 Core Hits 108 | 5 17 2 . . 15 2 42 25 Critical Kills 2 | . . . . . . . 2 . Critical Parts Destroyed . | . . . . . . . . . Critical Strikes 11 | . 2 . . . 5 . 3 1 Burn 9 | . 2 . . . 5 . 1 1 Meltdown 2 | . . . . . . . 2 . Melee Attacks . | . . . . . . . . . Impact . | . . . . . . . . . Slashing . | . . . . . . . . . Piercing . | . . . . . . . . . Sneak Attacks . | . . . . . . . . . Combat Hostiles . | . . . . . . . . . Follow-up Attacks . | . . . . . . . . . Damage Inflicted 5059 | 75 419 40 . . 703 81 2841 900 Guns 3129 | 75 372 40 . . 703 50 989 900 Cannons 1883 | . . . . . . 31 1852 . Explosions 47 | . 47 . . . . . . . Melee . | . . . . . . . . . Ramming . | . . . . . . . . . Kinetic 73 | . 73 . . . . . . . Thermal 4904 | 75 299 40 . . 703 81 2841 865 Explosive . | . . . . . . . . . Electromagnetic 82 | . 47 . . . . . . 35 Impact . | . . . . . . . . . Slashing . | . . . . . . . . . Piercing . | . . . . . . . . . Highest Corruption 3 | . 1 1 1 1 . . 3 3 Average Corruption 1 | . 1 1 1 1 . . 1 3 Corruption Purged . | . . . . . . . . . Corruption Blocked . | . . . . . . . . . Effects 63 | . 10 5 11 . . . 20 17 Message Errors 15 | . 1 2 1 . . . 5 6 Matter Fused 15 | . 4 1 2 . . . 5 3 Heat Flow Errors 9 | . 1 2 2 . . . 1 3 Energy Discharges 8 | . 1 . 2 . . . . 5 Parts Fused 1 | . . . . . . . 1 . Data Loss (minor) 7 | . 1 . 3 . . . 3 . Data Loss (major) 3 | . 1 . . . . . 2 . Misfires 2 | . 1 . 1 . . . . . Alerts 2 | . . . . . . . 2 . Weapon Failures 1 | . . . . . . . 1 . Overload Shots . | . . . . . . . . . Overflow Damage 39 | . . . . . . . 39 . Projectiles 39 | . . . . . . . 39 . Explosions . | . . . . . . . . . Melee . | . . . . . . . . . Knockbacks . | . . . . . . . . . Impact . | . . . . . . . . . Kinetic . | . . . . . . . . . Secondary . | . . . . . . . . . Self-Inflicted Damage 77 | . 77 . . . . . . . Shots 3 | . 3 . . . . . . . Rammed . | . . . . . . . . . Targets Rammed . | . . . . . . . . . Kicked . | . . . . . . . . . Crushed . | . . . . . . . . . Highest Temperature 387 | 30 216 207 173 . 42 12 226 387 Average Temperature 53 | 12 74 101 67 . 13 7 34 84 Received Heat Transfer 1359 | . 45 27 . . 315 18 786 168 Effects 1 | . . . . . . . . 1 Damage (minor) 1 | . . . . . . . . 1 Siege Activations . | . . . . . . . . . Robots Corrupted . | . . . . . . . . . Combat Hostiles . | . . . . . . . . . Parts Fried . | . . . . . . . . . Impact Corruptions . | . . . . . . . . . Robots Melted 7 | . . . . . 1 . 5 1 Combat Hostiles 7 | . . . . . 1 . 5 1 Parts Melted 24 | . . . . . 6 1 13 4 Heat Transferred 10166 | 222 999 111 . . 2035 161 4698 1940 Parts Sabotaged . | . . . . . . . . . Parts Stolen . | . . . . . . . . . Parts Stripped . | . . . . . . . . . Power Chain Reactions 1 | . 1 . . . . . . . Alert | -11 -10 -10 -10 -9 -8 -8 -7 -7 ------- Run | Yrd Mat Min Exi Min Mat Sto Fac Low Peak Influence 414 | 25 121 56 . . 110 414 271 . Initial 123 | . 16 33 . . . 40 123 . Average 109 | 10 38 22 . . 28 273 150 . Maximum Alert Level 2 | . . . . . . 2 1 . Low Security (%) 74 | 100 100 100 . 100 100 8 65 . Level 1 24 | . . . . . . 78 34 . Level 2 1 | . . . . . . 13 . . Level 3 . | . . . . . . . . . Level 4 . | . . . . . . . . . Level 5 . | . . . . . . . . . High Security . | . . . . . . . . . Max Security . | . . . . . . . . . Squads Dispatched 8 | . . . . . . 1 7 . Investigation 2 | . . . . . . . 2 . Extermination 5 | . . . . . . . 5 . Reinforcement 1 | . . . . . . 1 . . Assault . | . . . . . . . . . Garrison . | . . . . . . . . . Intercept . | . . . . . . . . . Searches Triggered . | . . . . . . . . . Construction Impeded . | . . . . . . . . . Haulers Reinforced . | . . . . . . . . . Active Scanning Responses . | . . . . . . . . . Cargo Convoy Interrupts . | . . . . . . . . . Stealth | -11 -10 -10 -10 -9 -8 -8 -7 -7 --------- Run | Yrd Mat Min Exi Min Mat Sto Fac Low Distress Signals 4 | . . . . . 1 1 2 . Communications Jammed . | . . . . . . . . . Distress Signals . | . . . . . . . . . Times Spotted 77 | . 8 1 . . 12 7 31 18 Peak Tracking Total 7 | . 3 1 . . 7 1 4 5 Tactical Retreats 6 | . . . . . . . 2 4 Traps | -11 -10 -10 -10 -9 -8 -8 -7 -7 ------- Run | Yrd Mat Min Exi Min Mat Sto Fac Low Traps Triggered 2 | . . . . . . . 2 . Indirectly . | . . . . . . . . . Trap Hack Attempts . | . . . . . . . . . Triggered . | . . . . . . . . . Disarmed . | . . . . . . . . . Reprogrammed . | . . . . . . . . . Reused . | . . . . . . . . . Traps Extracted . | . . . . . . . . . Installed . | . . . . . . . . . Triggered . | . . . . . . . . . Machines | -11 -10 -10 -10 -9 -8 -8 -7 -7 ---------- Run | Yrd Mat Min Exi Min Mat Sto Fac Low Machines Disabled 4 | . 2 . . . . . 2 . Max in Single Turn 2 | . 2 . . . . . 1 . Machines Repaired . | . . . . . . . . . Machines Dismantled . | . . . . . . . . . Machines Sabotaged . | . . . . . . . . . Overloaded Fab Kills . | . . . . . . . . . Hacking | -11 -10 -10 -10 -9 -8 -8 -7 -7 --------- Run | Yrd Mat Min Exi Min Mat Sto Fac Low Machines Accessed 18 | . 4 . . . 1 5 8 . Terminals 12 | . 3 . . . 1 4 4 . Fabricators 1 | . . . . . . . 1 . Repair Stations 4 | . 1 . . . . 1 2 . Recycling Units . | . . . . . . . . . Scanalyzers 1 | . . . . . . . 1 . Garrison Access . | . . . . . . . . . Total Hacks 59 | . 13 . . . 1 15 30 . Successful 33 | . 5 . . . . 8 20 . Failed 26 | . 8 . . . 1 7 10 . Catastrophic 5 | . 1 . . . 1 . 3 . Database Lockouts . | . . . . . . . . . Manual 18 | . 4 . 2 . 1 5 6 . Terminals 28 | . 7 . . . 1 11 9 . Fabricators 3 | . . . . . . . 3 . Repair Stations 19 | . 6 . . . . 4 9 . Recycling Units . | . . . . . . . . . Scanalyzers 9 | . . . . . . . 9 . Garrison Access . | . . . . . . . . . Terminal Hacks 9 | . 1 . . . . 4 4 . Record 1 | . . . . . . . 1 . Open Door 2 | . . . . . . 2 . . Level Access Points 1 | . . . . . . . 1 . Branch Access Points 3 | . 1 . . . . 1 1 . Emergency Access Points 2 | . . . . . . 1 1 . Fabricator Hacks 1 | . . . . . . . 1 . Load Schematic 1 | . . . . . . . 1 . Repair Station Hacks 15 | . 4 . . . . 4 7 . Scan Component 8 | . 2 . . . . 2 4 . Repair 7 | . 2 . . . . 2 3 . Recycling Unit Hacks . | . . . . . . . . . Scanalyzer 8 | . . . . . . . 8 . Insert Component 4 | . . . . . . . 4 . Analyze 4 | . . . . . . . 4 . Garrison Access Hacks . | . . . . . . . . . Unauthorized Hacks . | . . . . . . . . . Terminals . | . . . . . . . . . Fabricators . | . . . . . . . . . Repair Stations . | . . . . . . . . . Recycling Units . | . . . . . . . . . Scanalyzers . | . . . . . . . . . Garrison Access . | . . . . . . . . . Data Cores Recovered 3 | . 1 . . . . 1 1 . Used 3 | . 1 . . . . 1 1 . Hacking Detections 16 | . 4 . . . 1 4 7 . Full Trace Events 4 | . 1 . . . . 1 2 . Feedback Events 1 | . . . . . . . 1 . Corruption 1 | . . . . . . . 1 . Feedback Blocked . | . . . . . . . . . Robot Schematics Acquired . | . . . . . . . . . Robots Built . | . . . . . . . . . Authchips . | . . . . . . . . . Time . | . . . . . . . . . Total Robot Build Rating . | . . . . . . . . . Part Schematics Acquired 4 | . . . . . . . 4 . Parts Built . | . . . . . . . . . Authchips . | . . . . . . . . . Time . | . . . . . . . . . Total Part Build Rating . | . . . . . . . . . Parts Repaired 7 | . 2 . . . . 2 3 . Time 236 | . 52 . . . . 70 114 . Parts Recycled . | . . . . . . . . . Recycled Matter . | . . . . . . . . . Retrieved Matter . | . . . . . . . . . Retrieved Components . | . . . . . . . . . Parts Scanalyzed 4 | . . . . . . . 4 . Part Schematics Acquired 4 | . . . . . . . 4 . Parts Damaged 2 | . . . . . . . 2 . Bothacking | -11 -10 -10 -10 -9 -8 -8 -7 -7 ------------ Run | Yrd Mat Min Exi Min Mat Sto Fac Low Used RIF Installer . | . . . . . . . . . Robots Hacked . | . . . . . . . . . Non-combat . | . . . . . . . . . Combat . | . . . . . . . . . Robot Hacks Applied . | . . . . . . . . . Relay Couplers Released . | . . . . . . . . . Fabnet Peak Effective % . | . . . . . . . . . Robots Rewired . | . . . . . . . . . Allies Hacked . | . . . . . . . . . Hacks Repelled . | . . . . . . . . . Allies | -11 -10 -10 -10 -9 -8 -8 -7 -7 -------- Run | Yrd Mat Min Exi Min Mat Sto Fac Low Total Allies 13 | . . 3 . . . 10 . . Largest Group 10 | . . 3 . . . 10 . . Highest-Rated Group 173 | . . 40 . . . 173 . . Highest-Rated Ally 29 | . . 16 . . . 29 . . Total Orders . | . . . . . . . . . Ally Attacks 100 | . . 9 . . . 91 . . Total Damage 1170 | . . 75 . . . 1095 . . Kills 17 | . . 1 . . . 16 . . Allies Corrupted . | . . . . . . . . . Allies Melted . | . . . . . . . . . Intel | -11 -10 -10 -10 -9 -8 -8 -7 -7 ------- Run | Yrd Mat Min Exi Min Mat Sto Fac Low Robot Analysis Total . | . . . . . . . . . Derelict Logs Recovered 3 | . . 1 . 1 . . . 1 Drone Launches . | . . . . . . . . . Drone Recoveries . | . . . . . . . . . Exploration | -11 -10 -10 -10 -9 -8 -8 -7 -7 ------------- Run | Yrd Mat Min Exi Min Mat Sto Fac Low Turns Passed 7743 | 138 906 550 1222 137 741 591 2557 901 Spaces Moved 3748 | 84 428 346 741 33 261 313 1193 349 Core 6 | 6 . . . . . . . . Treads . | . . . . . . . . . Legs 3742 | 78 428 346 741 33 261 313 1193 349 Wheels . | . . . . . . . . . Hover . | . . . . . . . . . Flight . | . . . . . . . . . Fastest Speed 50 | 50 120 120 120 120 120 120 120 120 Average Speed 132 | 115 120 144 148 120 120 120 125 149 Slowest Speed 193 | 120 120 190 190 120 190 120 193 190 Overloaded Moves . | . . . . . . . . . Propulsion Burnouts . | . . . . . . . . . Robots Hopped . | . . . . . . . . . Cave-ins Triggered . | . . . . . . . . . Exploration Rate (%) 38 | 4 45 69 93 5 16 40 21 56 Regions Visited 8 Branch Regions 5 Pre-discovered Areas . | . . . . . . . . . Known Exits Taken 4 | . 1 . . . 1 1 1 . Unknown Exits Taken 4 | 1 . 1 1 1 . . . . Scrap Searched 1 | . . 1 . . . . . . Spaces Dug . | . . . . . . . . . Terrain Destroyed 6 | . . . . . . . 6 . Melee . | . . . . . . . . . Projectile 6 | . . . . . . . 6 . AOE . | . . . . . . . . . Terrain Rammed . | . . . . . . . . . Walls Destroyed . | . . . . . . . . . Machines Disabled . | . . . . . . . . . Actions | -11 -10 -10 -10 -9 -8 -8 -7 -7 --------- Run | Yrd Mat Min Exi Min Mat Sto Fac Low Total 6196 | 110 784 392 865 130 625 527 2098 665 Wait 2067 | . 318 35 115 98 298 179 746 278 Move 3740 | 83 427 345 740 32 260 312 1192 349 Hop . | . . . . . . . . . Pick Up 56 | 6 8 2 3 . 7 8 22 . Fast Attach 25 | 6 3 1 . . 2 1 12 . Attach 20 | 1 1 1 . . 6 . 6 5 Detach 2 | . . . 1 . . . 1 . Swap 35 | . 2 2 3 . 4 10 14 . Drop 48 | 1 6 3 3 . 1 11 23 . Fire 200 | 13 19 3 . . 47 3 82 33 Melee . | . . . . . . . . . Ram . | . . . . . . . . . Kick . | . . . . . . . . . Crush . | . . . . . . . . . Escape Stasis . | . . . . . . . . . Rewire 3 | . . . . . . 3 . . Trap . | . . . . . . . . . Miscellaneous . | . . . . . . . . . Route ------- -11/Scrapyard -10/Materials (discovered 2 exits: [*Mat] / *Min) -10/Mines -10/Exiles (discovered 2 exits: [*Min x2]) -9/Mines -8/Materials (discovered 2 exits: *Sto x2) -8/Storage (discovered 2 exits: *Fac / Rec) -7/Factory (discovered 6 exits: Fac x4 / *Low x2) -7/Lower Caves History --------- Turn | Location | Event 3 | -11/Scrapyard | Discovered new exit (range 15) 139 | -11/Scrapyard | Entered Materials 309 | -10/Materials | Build established: Mutant 519 | -10/Materials | Identified exit to Mines 594 | -10/Materials | Repaired Aluminum Leg 623 | -10/Materials | Repaired Lgt. Ion Engine 929 | -10/Materials | Discovered new exit (range 12) 1045 | -10/Materials | Entered Mines 1077 | -10/Mines | Assisted by bots powering up and referring to "LRC-V3" 1370 | -10/Mines | Lost 3 allies 1420 | -10/Mines | Learned Materials garrison access intel 1586 | -10/Mines | Deemed a non-threat by the Exiles lab entrance 1588 | -10/Mines | Discovered new exit (range 5) 1595 | -10/Mines | Entered Exiles 1622 | -10/Exiles | Discovered new exit (range 15) 1651 | -10/Exiles | Met 8R-AWN 1683 | -10/Exiles | Build established: Scavenger-Mutant 1683 | -10/Exiles | Met EX-HEX 1792 | -10/Exiles | Met EX-DEC 1833 | -10/Exiles | Visited The Gauntlet 2151 | -10/Exiles | Discovered new exit (range 12) 2253 | -10/Exiles | Met EX-BIN 2454 | -10/Exiles | Build established: Mutant 2534 | -10/Exiles | Aligned with FarCom system 2535 | -10/Exiles | Given EX-Vault access code 2570 | -10/Exiles | Opened EX-Vault 2576 | -10/Exiles | Found Prototype Storage 2577 | -10/Exiles | Identified Superbattery 2721 | -10/Exiles | Warned to stay clear of 0b10 Research branches 2817 | -10/Exiles | Left Exiles lab with Superbattery 2817 | -10/Exiles | Entered Mines 2859 | -9/Mines | Discovered new exit (range 7) 2929 | -9/Mines | Learned Materials stockpile data 2954 | -9/Mines | Entered Materials 2954 | -8/Materials | Evolved 4 slots: Propulsion x2, Utility x2 2956 | -8/Materials | Loaded intel: 1 garrison access location 3245 | -8/Materials | Build established: Scavenger-Mutant 3264 | -8/Materials | Discovered new exit (range 15) 3345 | -8/Materials | Lost 3 parts (2n1w) 3391 | -8/Materials | Identified exit to Storage 3509 | -8/Materials | Discovered exit to Storage (range 13) 3695 | -8/Materials | Entered Storage 3709 | -8/Storage | Assisted by bots powering up and referring to "LRC-V3" 3864 | -8/Storage | Identified exit to Recycling 4083 | -8/Storage | Repaired Recalibrator 4107 | -8/Storage | Build established: Commander-Mutant 4110 | -8/Storage | Repaired Med. Storage Unit 4230 | -8/Storage | Discovered new exit (range 14) 4267 | -8/Storage | Lost 3 allies 4285 | -8/Storage | Identified exit to Factory 4286 | -8/Storage | Entered Factory 4286 | -7/Factory | Evolved 2 slots: Propulsion x1, Utility x1 4471 | -7/Factory | Build established: Scavenger-Mutant 4740 | -7/Factory | Repaired Carbon-fiber Leg 4780 | -7/Factory | Repaired Carbon-fiber Leg 4801 | -7/Factory | Build established: Mutant 4819 | -7/Factory | Repaired Carbon-fiber Leg 5914 | -7/Factory | Lost 5 parts (1p2n1u1w) 6078 | -7/Factory | Identified exit to Lower Caves 6078 | -7/Factory | Identified exit to Factory 6197 | -7/Factory | Build established: Scavenger-Mutant 6608 | -7/Factory | Core integrity fell below 50% 6769 | -7/Factory | Build established: Mutant 6843 | -7/Factory | Entered Lower Caves 6843 | -7/Lower Caves | Spotted B-75 Beast 7372 | -7/Lower Caves | Attracted the attention of an 0b10 checkpoint 7599 | -7/Lower Caves | Learned Factory garrison access intel 7659 | -7/Lower Caves | Core integrity fell below 20% 7744 | -7/Lower Caves | Destroyed by S-27 Virus with Autogun Last Messages --------------- 07599_ Acquired derelict log, extracted data. Data stored: Factory garrison access intel. 07641_ ZMEFRE=1KPT PO I#UBTMAHOWT/3= 07659_ Cld. Pulse Rifle destroyed. 07663_ S-27 Virus destroyed. 07663_ Switching to secondary target: S-27 Virus. 07672_ Imp. Aluminum Leg destroyed. 07673_ S-27 Virus destroyed. 07673_ Switching to secondary target: S-27 Virus. 07675_ VTOL Module fries itself beyond repair. 07682_ System corrupted: Matter fused (-5). 07683_ S-27 Virus destroyed. 07684_ Overheating: Imp. Aluminum Leg damaged (-17). 07701_ VTOL Module fries itself beyond repair. 07723_ Gatling Laser destroyed. 07725_ Imp. Deuterium Engine destroyed. 07726_ Imp. Aluminum Leg destroyed. 07731_ S-27 Virus destroyed. 07732_ Particle Gun destroyed. 07739_ Imp. Aluminum Leg destroyed. Map ----- +----------------------------------------------------+ | ????????????????????????????? ### | | ???????????????????????????????# #?## | | ????????????????????????????????? ##### | | ???????????????????????? ??????????# # | | ???????????????????????? #?????????#$ # | | ????????????????????????? ##???????# # ######## | | ????????????????????????? #??????# # #???????# | | ????????????????????????? #?????# # #?#?????? | | ?????????????????????????? #####?# # # #?????? | | ?????????????????????????? ### #?????? | | ??????????????????????????# ## ## ##?????? | | ??????????????????????????# ## ## ##??????? | | ??????????????????????????# ## ## ##??????? | | ??????????????????????????# ## #??????? | | ??????????????????????????# # %= #?????? | | ??????????????????????????# # ###%% #????? | | ??????????????????????????## #### #???? | | ???????????????????????????# #?? ##???? | | ???????????????????????????## ## ##????? | | ?????????????????????????#### ####?? #?????? | | ????????????????????????## #????? ????? | | ????????????????????????# #?????? ???? | | ???????????????????????## ##??????? ??? | | ???????????????????????# #####???????? ??? | | ???????????????????????# #????????????? ?????? | | ???????????????????????# @#?????????????? ???????? | | ???????????????????????#s #??????????????????????? | | ???????????????????????#%s#??????????????????????? | | ???????????????????????# ?????????????????????? | | ???????????????????????# ????????????????????? | | ???????????????????????##### ???????????????????? | | ???????????????????????????? ?????????????????? | | ????????????????????????????? ????????????????? | | ?????????????????????????????? ???????????????? | | ??????????????????????????????## #??????????????? | | ????????????????????????????????###??????????????? | | ?????????????????????????????????????????????????? | | ?????????????????????????????????????????????????? | | ?????????????????????????????????????????????????? | | ?????????????????????????????????????????????????? | | ?????????????????????????????????????????????????? | | ?????????????????????????????????????????????????? | | ?????????????????????????????????????????????????? | | ?????????????????????????????????????????????????? | | ?????????????????????????????????????????????????? | | ?????????????????????????????????????????????????? | | ?????????????????????????????????????????????????? | | ?????????????????????????????????????????????????? | | ?????????????????????????????????????????????????? | | ?????????????????????????????????????????????????? | +----------------------------------------------------+ Best States ------------- Heat Dissipation 48 Energy Generation 16 Energy Capacity 1660 Matter Stores 300 Matter Capacity 300 Sight Range 16 Terrain Scan Range 16 Terrain Scan Density 10 Evasion (%) 55 Targeting Accuracy 8 Item Schematics ----------------- Cld. Plasma Cannon | -7/Factory | Scanalyzed Recalibrator | -7/Factory | Scanalyzed Imp. Signal Interpreter | -7/Factory | Scanalyzed Lgt. Nuclear Core | -7/Factory | Scanalyzed Robot Schematics ------------------ None Fabricated ------------ Nothing Alien Tech Used ----------------- None Achievements -------------- Dynamic Key Challenges ------------ None Game ------ Seed SkeletonMetafieldAmplifier Manual? 0 Play Time 01:09:14 Cumulative 7.9 hours Start 2024.04.05 @ 00:54:16 End 2024.04.05 @ 02:04:45 Sessions 1 Manual Loads 0 Difficulty Rogue Special Mode None Game No. 10 Rogue 10 Adventurer 0 Explorer 0 Win Type - Total 0 Types 0/0/0/0/0/0/0/0/0 Lore% 13 Gallery% 17 Achievement% 12 Wizard Run 0 Options --------- Layout 0 ASCII 0 Keyboard 1 Movement Numpad Keybinds 0 Fullscreen 2 Font 18/SmallcapsGlow Map View 76x50 Zoom Use 0% Tactical HUD 1 Map Filters NONE Filters NONE Steam 1 RUN: 48641967-4414-4e94-b737-bafe4cf4eb83